 Dungeon Crawl Stone Soup version 0.29-a0-553-g81b289dbe5 (webtiles) character file.

Game seed: 14115370683753936749

574 iguanaiguana the Cudgeller (level 7, -3/56 HPs)
             Began as a Minotaur Hunter on June 7, 2022.
             Slain by an ogre
             ... wielding a +0 giant club
              (9 damage)
             ... on level 4 of the Dungeon.
             The game lasted 00:09:56 (3976 turns).

iguanaiguana the Cudgeller (Minotaur Hunter)        Turns: 3976, Time: 00:09:57

Health: -3/56      AC:  6    Str: 16    XL:     7   Next: 12%
Magic:  6/6        EV:  9    Int:  6    God:
Gold:   299        SH:  3    Dex: 15    Spells: 6/6 levels left

rFire   . . .      SeeInvis .   h - +1 mace (protect)
rCold   . . .      Faith    .   j - +0 buckler
rNeg    . . .      Spirit   .   m - +0 scale mail
rPois   .          Reflect  .   (helmet restricted)
rElec   .          Harm     .   (no cloak)
rCorr   .          Rampage  .   (no gloves)
Will    .....                   (no boots)
Stlth   ..........              (no amulet)
HPRegen 0.18/turn               (no ring)
MPRegen 0.10/turn               (no ring)

@: about to teleport
A: horns 2, retaliatory headbutt
a: no special abilities


You were on level 4 of the Dungeon.
You visited 1 branch of the dungeon, and saw 4 of its levels.

You collected 299 gold pieces.

Inventory:

Hand Weapons
 a - a +1 shortbow
 d - a +3 dagger
 f - a +0 war axe
 h - a +1 mace of protection (weapon)
Missiles
 l - 3 poisoned darts
Armour
 b - a +0 leather armour
 j - a +0 buckler (worn)
 m - a +0 scale mail (worn)
 p - a +1 animal skin
Magical Staves
 i - a staff of poison
Scrolls
 c - a scroll of identify {@r1}
 k - 2 scrolls of enchant armour
Potions
 e - 3 potions of attraction


   Skills:
 - Level 2.4 Fighting
 + Level 7.1 Maces & Flails
 - Level 6.7 Bows
 - Level 2.1 Dodging
 - Level 0.7 Stealth


You had 6 spell levels left.
You didn't know any spells.
Your spell library contained the following spells:

 Spells                   Type           Power      Damage    Failure   Level
 Blink                    Tloc           0%         N/A       99%         2
 Lesser Beckoning         Tloc           0%         N/A       100%        3
 Manifold Assault         Tloc           0%         N/A       100%        5


Dungeon Overview and Level Annotations

Branches:
Dungeon (4/15)
 Temple: D:4-7

Altars:

Annotations:
D:3 1 runed translucent door, bchevrier's ghost, amateur MiFi


Innate Abilities, Weirdness & Mutations

You have a pair of horns on your head.
You reflexively headbutt those who attack you in melee.


Message History

The puff of flame hits you!
Okay, then.
As you read the scroll of teleportation {@r3}, it crumbles to dust.
You feel strangely unstable. Something hits you.
The ogre hits you with a +0 giant club!!
* * * LOW HITPOINT WARNING * * *
Your surroundings suddenly seem different.
Found 5 poisoned darts.
An ogre is nearby!
Throw: 5 darts (poison)
Press: ? - help, Shift-Dir - straight line, f - ogre
Aim: an ogre, wielding a +0 giant club (74% to hit)
You throw a poisoned dart.
The poisoned dart barely misses the ogre.
Throw: 4 darts (poison)
Press: ? - help, Shift-Dir - straight line, f/p - ogre
Aim: an ogre, wielding a +0 giant club (74% to hit)
You throw a poisoned dart. The poisoned dart hits the ogre.
The ogre is poisoned.
You aren't carrying any items that you can evoke.
Okay, then.
Okay, then.
It was a potion of curing.
You feel better.
You are confused.
You are too confused!
Okay, then.
You are too confused!
You are too confused!
Okay, then.
You are too confused!
You bump into the rock wall.
The ogre looks more healthy.
The ogre hits you with a +0 giant club!!
* * * LOW HITPOINT WARNING * * *
You're too confused to move!
You feel less confused.
As you read the scroll of teleportation {@r3}, it crumbles to dust.
You feel strangely unstable. The ogre hits you with a +0 giant club!
You die...

# #....... #
######## # #
# # # # #
########### #
..........# #
#........@O{#
#
#(..........#
#
#.....(.....#
#
#...........#
# ....(.....#
# ....(..(..#
# ..##)##....
+.. #
###.).######
#.. #
##.....## #.#


You could see an ogre.

Vanquished Creatures
  An ogre (D:4)
  Blork the orc (D:4)
  A scorpion (D:4)
  2 jellies
  An orc priest (D:3)
  5 orc wizards
  Robin (D:2)
  4 gnolls
  An adder (D:2)
  2 dart slugs (D:1)
  9 orcs
  4 ball pythons
  3 bats
  3 endoplasms (D:1)
  2 giant cockroaches (D:4)
  6 hobgoblins
  5 quokkas
  4 frilled lizards
  19 goblins
  6 kobolds
  2 rats (D:1)
82 creatures vanquished.

Vanquished Creatures (others)
  2 withered plants (D:3)
2 creatures vanquished.

Grand Total: 84 creatures vanquished

Notes
Turn   | Place    | Note
-------+----------+-------------------------------------------
     0 | D:1      | iguanaiguana the Minotaur Hunter began the quest for the
                  | Orb.
     0 | D:1      | Reached XP level 1. HP: 18/18 MP: 0/0
   175 | D:1      | Reached XP level 2. HP: 25/25 MP: 1/1
   184 | D:1      | Reached skill level 5 in Bows
   215 | D:1      | Found a faded altar of an unknown god.
   492 | D:1      | Reached XP level 3. HP: 24/30 MP: 2/2
   782 | D:2      | Noticed Robin
   787 | D:2      | Killed Robin
  1026 | D:2      | Reached XP level 4. HP: 37/37 MP: 3/3
  1949 | D:3      | Reached skill level 1 in Maces & Flails
  1949 | D:3      | Reached XP level 5. HP: 29/42 MP: 4/4
  1961 | D:3      | Reached skill level 2 in Maces & Flails
  2398 | D:3      | Reached skill level 3 in Maces & Flails
  2448 | D:3      | Reached skill level 4 in Maces & Flails
  2538 | D:3      | Found a runed translucent door.
  2539 | D:3      | Noticed bchevrier's ghost (amateur MiFi)
  2953 | D:4      | Noticed an ogre
  2960 | D:3      | Reached XP level 6. HP: 50/50 MP: 5/5
  3075 | D:4      | Reached skill level 5 in Maces & Flails
  3509 | D:4      | Noticed Blork the orc
  3514 | D:4      | Killed Blork the orc
  3515 | D:4      | Reached skill level 6 in Maces & Flails
  3957 | D:4      | Reached XP level 7. HP: 49/56 MP: 6/6
  3961 | D:4      | Reached skill level 7 in Maces & Flails
  3976 | D:4      | Slain by an ogre

Illustrated notes

Levels and vault maps discovered:
D:1:      heliophobic_arrival_dark_side_of_the_moon, layout_basic,
          hellmonk_ecumenical_altar_arch_garden, chequers_serial_rivers_small_a
D:2:      layout_rooms, uniq_robin
D:3:      layout_basic, gammafunk_ghost_grave
D:4:      layout_basic, kennysheep_diamond, uniq_blork_the_orc

Skill      XL: |  1  2  3  4  5  6  7 |
---------------+----------------------+-----
Bows           | 5 6 |  6.7
Maces & Flails | 1 4 6 7 |  7.1
Fighting       | |  2.4
Dodging        | |  2.1
Stealth        | |  0.7

Action                   |  1- 3 |  4- 6 |  7- 9 || total
-------------------------+-------+-------+-------++-------
Melee: Mace              |       |    47 |     6 ||    53
       Headbutt          |       |     4 |     1 ||     5
 Fire: Shortbow          |    86 |    95 |       ||   181
Throw: Dart              |       |    13 |     3 ||    16
  Use: Scroll            |       |     9 |     2 ||    11
       Potion            |       |     3 |     1 ||     4
Armor: Leather armour    |     1 |       |       ||     1
       Skin              |       |    12 |       ||    12
       Animal skin       |       |     6 |       ||     6
       Scale mail        |       |    29 |     3 ||    32
Dodge: Dodged            |     6 |    25 |     2 ||    33
Block: Buckler           |       |     3 |     1 ||     4

Table legend: (Time is in decaauts)
 A = Elapsed time spent in this place.
 B = Non-inter-level travel time spent in this place.
 C = Inter-level travel time spent in this place.
 D = Time resting spent in this place.
 E = Time spent auto-exploring this place.
 F = Levels seen in this place.
 G = Mean time per level.
                   A        B        C        D        E       F      G
               +--------+--------+--------+--------+--------+-----+--------+
         Total |   4027 |   3788 |    239 |    529 |   2683 |   4 | 1006.8 |
       Dungeon |   4027 |   3788 |    239 |    529 |   2683 |   4 | 1006.8 |
               +--------+--------+--------+--------+--------+-----+--------+

Top non-repeatable levels by time:
     D:3: 1428 daAuts
     D:4: 978 daAuts
     D:2: 859 daAuts
     D:1: 761 daAuts
